Workbook

Sheet RESUMO
A2: SECRETARIA MUNICIPAL DE EDUCAÇÃO - SEMED
A4: OBRA: CONSTRUÇÃO DE ALOJAMENTOS DOS PROFESSORES E PASSARELA DE ACESSO PARA EMBARQUE E DESEMBARQUE DE ALUNOS DA ESCOLA TALISMÃ
A5: LOCAL: RIO CONTRA MARÉ - DISTRITO CURUMU - ZONA RURAL – BREVES/PA
A6: REF. DE PREÇOS: SEOP - Março de 2026 - SEM DESONERAÇÃO
A8: ORÇAMENTO RESUMIDO
A9: ITEM | B9: DESCRIÇÃO | C9: TOTAL | D9: PESO (%)
B10: ALOJAMENTO DOS PROFESSORES | C10: =SUM(C11:C21) -> 209186.83
A11: 1 | B11: =PLAN!C13 -> SERVIÇOS PRELIMINARES | C11: =PLAN!H13 -> 6703.95 | D11: =C11/$C$26 -> 0.014449315
A12: =A11+1 -> 2 | B12: =PLAN!C18 -> FUNDAÇÃO | C12: =PLAN!H18 -> 18035.06 | D12: =C12/$C$26 -> 0.038871749
A13: 3 | B13: =PLAN!C21 -> ESTRUTURA | C13: =PLAN!H21 -> 12953.19 | D13: =C13/$C$26 -> 0.027918574
A14: 4 | B14: =PLAN!C24 -> PISO | C14: =PLAN!H24 -> 13798.27 | D14: =C14/$C$26 -> 0.029740011
A15: 5 | B15: =PLAN!C28 -> PAREDE E REVESTIMENTOS | C15: =PLAN!H28 -> 34731.13 | D15: =C15/$C$26 -> 0.074857515
A16: 6 | B16: =PLAN!C34 -> COBERTURA | C16: =PLAN!H34 -> 22164.87 | D16: =C16/$C$26 -> 0.047772908
A17: 7 | B17: =PLAN!C39 -> FORRO | C17: =PLAN!H39 -> 15679.03 | D17: =C17/$C$26 -> 0.033793695
A18: 8 | B18: =PLAN!C42 -> ESQUADRIAS / FERRAGENS | C18: =PLAN!H42 -> 22582.21 | D18: =C18/$C$26 -> 0.048672419
A19: 9 | B19: =PLAN!C49 -> INSTALAÇÕES HIDRÁULICAS | C19: =PLAN!H49 -> 26931.05 | D19: =C19/$C$26 -> 0.058045663
A20: 10 | B20: =PLAN!C62 -> INSTALAÇÕES ELÉTRICAS | C20: =PLAN!H62 -> 15835.16 | D20: =C20/$C$26 -> 0.034130209
A21: 11 | B21: =PLAN!C70 -> PINTURA | C21: =PLAN!H70 -> 19772.91 | D21: =C21/$C$26 -> 0.042617413
B22: PASSARELA DE ACESSO | C22: =SUM(C23:C25) -> 254776.34
A23: 12 | B23: =PLAN!C74 -> CASA DE FORÇA | C23: =PLAN!H74 -> 8615.83 | D23: =C23/$C$26 -> 0.018570073
A24: =SUM(A23+1) -> 13 | B24: =PLAN!C84 -> PASSARELA DE ACESSO | C24: =PLAN!H84 -> 242797.55 | D24: =C24/$C$26 -> 0.52331212
A25: =SUM(A24+1) -> 14 | B25: =PLAN!C99 -> LIMPEZA E ENTREGA DA OBRA | C25: =PLAN!H99 -> 3362.96 | D25: =C25/$C$26 -> 0.007248334
A26: TOTAL: | C26: =SUM(C10,C22) -> 463963.17 | D26: =SUM(D11:D25) -> 1
A28: =PLAN!A102 -> Total da planilha R$ 463.963,17 (Quatrocentos e sessenta e três mil, novecentos e sessenta e três reais e dezessete centavos)

Sheet Itens de Maior Relevância
A6: PREFEITURA MUNICIPAL DE BRE3VES
A8: SECRETARIA MUNICIPAL DE EDUCAÇÃO - SEMED
A10: OBRA: CONSTRUÇÃO DE ALOJAMENTO DOS PROFESSORES E PASSARELA DE ACESSO PARA EMBARQUE E DESEMBARQUE DE ALUNOS DA ESCOLA TALISMÃ
A11: LOCAL: RIO CONTRA MARÉ - DISTRITO CURUMU - ZONA RURAL - BREVES-PA
A12: REF. DE PREÇOS: SEOP - Março de 2026 - SEM DESONERAÇÃO
A14: ITENS DE MAIOR RELEVÂNCIA | G14: QUALIFICAÇÃO PROFISSIONAL
A15: ITEM | B15: DESCRIÇÃO | C15: UNID | D15: QTD TOTAL | E15: PESO FINANCEIRO % | F15: QTD MÍN. EXIGIDA (25%) | G15: CAPACIDADE TÉCNICA OPERACIONAL | H15: CAPACIDADE TÉCNICA PROFISSIONAL
A16: 13.3 | B16: Guarda-corpo em tubo de aço galvanizado 1 1/2" | C16: m² | D16: 144 | E16: =PLAN!I87 -> 0.16438719 | F16: =D16*25% -> 36 | G16: EMPRESA | H16: ENGENHEIRO(A) CIVIL OU ARQUITETO(A)
A17: 13.1 | B17: Passarela para desembarque | C17: m | D17: 50 | E17: =PLAN!I85 -> 0.099980996 | F17: =D17*25% -> 12.5 | G17: EMPRESA | H17: ENGENHEIRO(A) CIVIL OU ARQUITETO(A)
A18: 13.2 | B18: Guarda-corpo em mad. lei acabamento em esmalte h=1,0m | C18: m² | D18: 104 | E18: =PLAN!I86 -> 0.06563952 | F18: =D18*25% -> 26 | G18: EMPRESA | H18: ENGENHEIRO(A) CIVIL OU ARQUITETO(A)
A19: OBS: Para fins de atendimento aos quantitativos mínimos exigidos dos itens de maior relevância, não será admitida a soma de quantitativos referentes à capacidade técnico-operacional com aqueles relativos à capacidade técnico-profissional, devendo cada requisito ser comprovado de forma independente, conforme estabelecido neste Edital.

Sheet PLAN
A2: PREFEITURA MUNICIPAL DE BREVES
A3: SECRETARIA MUNICIPAL DE EDUCAÇÃO - SEMED
A4: OBJETO: CONSTRUÇÃO DE ALOJAMENTO DOS PROFESSORES E PASSARELA DE ACESSO PARA EMBARQUE E DESEMBARQUE DE ALUNOS DA ESCOLA TALISMÃ
A5: LOCAL: RIO CONTRA MARÉ - DISTRITO CURUMU - ZONA RURAL BREVES-PA | H5: MARÇO/2026
A6: REF. DE PREÇOS: SEOP - Março de 2026 - SEM DESONERAÇÃO | G6: BDI= | H6: 0.2247
G7: .TOTAL = | H7: =H101 -> 463963.17
A9: PLANILHA ORÇAMENTÁRIA
A10: ITEM | B10: CÓDIGO | C10: DISCRIMINAÇÃO | D10: UN | E10: QUANT. | F10: CUSTO UNI. | G10: CUSTO UNI. C/ BDI | H10: P. TOTAL R$ | I10: PESO (%)
C12: ALOJAMENTO DOS PROFESSORES | H12: =SUM(H13,H18,H21,H24,H28,H34,H39,H42,H49,H62,H70) -> 209186.83
A13: 1 | C13: SERVIÇOS PRELIMINARES | H13: =SUM(H14:H17) -> 6703.95 | I13: =SUM(I14:I17) -> 0.014449315
A14: 1.1 | B14: 010008 | C14: Limpeza do terreno | D14: M2 | E14: 200 | F14: 6.72 | G14: =ROUND((1+$H$6)*F14,2) -> 8.23 | H14: =ROUND(E14*G14,2) -> 1646 | I14: =H14/$H$101 -> 0.0035476954
A15: 1.2 | B15: 011340 | C15: Placa da obra em lona | D15: M2 | E15: 6 | F15: 207.93 | G15: =ROUND((1+$H$6)*F15,2) -> 254.65 | H15: =ROUND(E15*G15,2) -> 1527.9 | I15: =H15/$H$101 -> 0.0032931493
A16: 1.3 | B16: 010009 | C16: Locação da obra à trena | D16: M2 | E16: 255.35 | F16: 7.58 | G16: =ROUND((1+$H$6)*F16,2) -> 9.28 | H16: =ROUND(E16*G16,2) -> 2369.65 | I16: =H16/$H$101 -> 0.0051074097
A17: 1.4 | B17: 010006 | C17: Andaime de madeira | D17: M2 | E17: 30 | F17: 31.58 | G17: =ROUND((1+$H$6)*F17,2) -> 38.68 | H17: =ROUND(E17*G17,2) -> 1160.4 | I17: =H17/$H$101 -> 0.0025010606
A18: 2 | C18: FUNDAÇÃO | H18: =SUM(H19:H20) -> 18035.06 | I18: =SUM(I19:I20) -> 0.038871749
A19: 2.1 | B19: COMP01 | C19: Pilar/Esteio para fundação em madeira acapú, angelim vermelho, massaranduba ou similar 4" x 4' x 4m | D19: UN | E19: 44 | F19: 238.09 | G19: =ROUND((1+$H$6)*F19,2) -> 291.59 | H19: =ROUND(E19*G19,2) -> 12829.96 | I19: =H19/$H$101 -> 0.027652971
A20: 2.3 | B20: COMP02 | C20: Bloco de fundação acapú, angelim vermelho, massaranduba ou similar 30x30x60cm (Pç 6M) | D20: UN | E20: 5 | F20: 850.02 | G20: =ROUND((1+$H$6)*F20,2) -> 1041.02 | H20: =ROUND(E20*G20,2) -> 5205.1 | I20: =H20/$H$101 -> 0.011218778
A21: 3 | C21: ESTRUTURA | H21: =SUM(H22:H23) -> 12953.19 | I21: =SUM(I22:I23) -> 0.027918574
A22: 3.1 | B22: COMP03 | C22: Pilar em madeira acapú, angelim vermelho, massaranduba ou similar 4" x 4' x 4m | D22: UN | E22: 18 | F22: 235.96 | G22: =ROUND((1+$H$6)*F22,2) -> 288.98 | H22: =ROUND(E22*G22,2) -> 5201.64 | I22: =H22/$H$101 -> 0.011211321
A23: 3.2 | B23: COMP04 | C23: Peça em madeira acapú, angelim vermelho, massaranduba ou similar 5" x 2" para atracação e travamento (Incluindo parafusos) | D23: UN | E23: 31 | F23: 204.17 | G23: =ROUND((1+$H$6)*F23,2) -> 250.05 | H23: =ROUND(E23*G23,2) -> 7751.55 | I23: =H23/$H$101 -> 0.016707253
A24: 4 | C24: PISO | H24: =SUM(H25:H27) -> 13798.27 | I24: =SUM(I25:I27) -> 0.029740011
A25: 4.1 | B25: COMP05 | C25: Assoalho em madeira de lei | D25: M2 | E25: 95.82 | F25: 75.06 | G25: =ROUND((1+$H$6)*F25,2) -> 91.93 | H25: =ROUND(E25*G25,2) -> 8808.73 | I25: =H25/$H$101 -> 0.018985839
A26: 4.2 | B26: 050681 | C26: Concreto armado Fck = 15 MPA com forma madeira branca (Incluindo lançamento e adensamento) | D26: M3 | E26: 0.76 | F26: 3777.41 | G26: =ROUND((1+$H$6)*F26,2) -> 4626.19 | H26: =ROUND(E26*G26,2) -> 3515.9 | I26: =H26/$H$101 -> 0.0075779722
A27: 4.3 | B27: 130119 | C27: Lajota cerâmica - Incluindo rejuntamento (Padrão Médio) | D27: M2 | E27: 15.2 | F27: 79.16 | G27: =ROUND((1+$H$6)*F27,2) -> 96.95 | H27: =ROUND(E27*G27,2) -> 1473.64 | I27: =H27/$H$101 -> 0.0031762004
A28: 5 | C28: PAREDE E REVESTIMENTOS | H28: =SUM(H29:H33) -> 34731.13 | I28: =SUM(I29:I33) -> 0.074857515
A29: 5.1 | B29: COMP06 | C29: Parede em madeira de lei | D29: M2 | E29: 136.96 | F29: 86.31 | G29: =ROUND((1+$H$6)*F29,2) -> 105.7 | H29: =ROUND(E29*G29,2) -> 14476.67 | I29: =H29/$H$101 -> 0.031202197
A30: 5.2 | B30: 060046 | C30: Alvenaria tijolo de barro cutelo | D30: M2 | E30: 48.01 | F30: 136.31 | G30: =ROUND((1+$H$6)*F30,2) -> 166.94 | H30: =ROUND(E30*G30,2) -> 8014.79 | I30: =H30/$H$101 -> 0.017274625
A31: 5.3 | B31: 110143 | C31: Chapisco de cimento e areia no traço 1:3 | D31: M2 | E31: 96.02 | F31: 17.32 | G31: =ROUND((1+$H$6)*F31,2) -> 21.21 | H31: =ROUND(E31*G31,2) -> 2036.58 | I31: =H31/$H$101 -> 0.0043895295
A32: 5.4 | B32: 110763 | C32: Reboco com argamassa 1:6:Adit. Plast. | D32: M2 | E32: 96.02 | F32: 51.8 | G32: =ROUND((1+$H$6)*F32,2) -> 63.44 | H32: =ROUND(E32*G32,2) -> 6091.51 | I32: =H32/$H$101 -> 0.013129296
A33: 5.5 | B33: 110644 | C33: Revestimento Cerâmico Padrão Médio | D33: M2 | E33: 48.01 | F33: 69.93 | G33: =ROUND((1+$H$6)*F33,2) -> 85.64 | H33: =ROUND(E33*G33,2) -> 4111.58 | I33: =H33/$H$101 -> 0.0088618672
A34: 6 | C34: COBERTURA | H34: =SUM(H35:H38) -> 22164.87 | I34: =SUM(I35:I38) -> 0.047772908
A35: 6.1 | B35: 070054 | C35: Estrutura em madeira para chapa fibrocimento/ telha asfáltica - pç serrada | D35: M2 | E35: 123.01 | F35: 85.05 | G35: =ROUND((1+$H$6)*F35,2) -> 104.16 | H35: =ROUND(E35*G35,2) -> 12812.72 | I35: =H35/$H$101 -> 0.027615813
A36: 6.2 | B36: 071498 | C36: Cobertura telha fibrocimento e = 4mm | D36: M2 | E36: 123.01 | F36: 46.4 | G36: =ROUND((1+$H$6)*F36,2) -> 56.83 | H36: =ROUND(E36*G36,2) -> 6990.66 | I36: =H36/$H$101 -> 0.015067274
A37: 6.3 | B37: 070059 | C37: Cumeeira plana fibrotex e = 4mm | D37: M | E37: 9.18 | F37: 24.83 | G37: =ROUND((1+$H$6)*F37,2) -> 30.41 | H37: =ROUND(E37*G37,2) -> 279.16 | I37: =H37/$H$101 -> 0.00060168569
A38: 6.4 | B38: 070827 | C38: Lambrequim em madeira de lei aparelhada | D38: M | E38: 45.16 | F38: 37.65 | G38: =ROUND((1+$H$6)*F38,2) -> 46.11 | H38: =ROUND(E38*G38,2) -> 2082.33 | I38: =H38/$H$101 -> 0.0044881364
A39: 7 | C39: FORRO | H39: =SUM(H40:H41) -> 15679.03 | I39: =SUM(I40:I41) -> 0.033793695
A40: 7.1 | B40: 140348 | C40: Barroteamento em madeira de lei para forro PVC | D40: M2 | E40: 95.82 | F40: 87.11 | G40: =ROUND((1+$H$6)*F40,2) -> 106.68 | H40: =ROUND(E40*G40,2) -> 10222.08 | I40: =H40/$H$101 -> 0.022032094
A41: 7.2 | B41: 141336 | C41: Forro em lambril de PVC | D41: M2 | E41: 95.82 | F41: 46.5 | G41: =ROUND((1+$H$6)*F41,2) -> 56.95 | H41: =ROUND(E41*G41,2) -> 5456.95 | I41: =H41/$H$101 -> 0.011761602
A42: 8 | C42: ESQUADRIAS / FERRAGENS | H42: =SUM(H43:H48) -> 22582.21 | I42: =SUM(I43:I48) -> 0.048672419
A43: 8.1 | B43: 090641 | C43: Portas em madeira lambrizada com caixilho/ alizar | D43: M2 | E43: 12.6 | F43: 527.02 | G43: =ROUND((1+$H$6)*F43,2) -> 645.44 | H43: =ROUND(E43*G43,2) -> 8132.54 | I43: =H43/$H$101 -> 0.017528417
A44: 8.2 | B44: 090642 | C44: Janelas em madeira lambrizada com caixilho/ alizar | D44: M2 | E44: 9.24 | F44: 819.86 | G44: =ROUND((1+$H$6)*F44,2) -> 1004.08 | H44: =ROUND(E44*G44,2) -> 9277.7 | I44: =H44/$H$101 -> 0.01999663
A45: 8.3 | B45: 091375 | C45: Esquadria de alumínio basculante c/vidro e ferragens | D45: M2 | E45: 0.96 | F45: 817.66 | G45: =ROUND((1+$H$6)*F45,2) -> 1001.39 | H45: =ROUND(E45*G45,2) -> 961.33 | I45: =H45/$H$101 -> 0.0020719964
A46: 8.4 | B46: 100226 | C46: Ferragens para porta externa | D46: Cj. | E46: 6 | F46: 334.2 | G46: =ROUND((1+$H$6)*F46,2) -> 409.29 | H46: =ROUND(E46*G46,2) -> 2455.74 | I46: =H46/$H$101 -> 0.0052929632
A47: 8.5 | B47: 100228 | C47: Ferragens p/ porta de banheiro | D47: Cj. | E47: 2 | F47: 295.73 | G47: =ROUND((1+$H$6)*F47,2) -> 362.18 | H47: =ROUND(E47*G47,2) -> 724.36 | I47: =H47/$H$101 -> 0.0015612446
A48: 8.6 | B48: 100289 | C48: Ferragens p/ janela 2 fl. (c/ ferrolho) | D48: Cj. | E48: 7 | F48: 120.21 | G48: =ROUND((1+$H$6)*F48,2) -> 147.22 | H48: =ROUND(E48*G48,2) -> 1030.54 | I48: =H48/$H$101 -> 0.0022211677
A49: 9 | C49: INSTALAÇÕES HIDRÁULICAS | H49: =SUM(H50:H61) -> 26931.05 | I49: =SUM(I50:I61) -> 0.058045663
A50: 9.1 | B50: 180299 | C50: Ponto de água (Incluindo tubos e conexões) | D50: Pt. | E50: 9 | F50: 502.76 | G50: =ROUND((1+$H$6)*F50,2) -> 615.73 | H50: =ROUND(E50*G50,2) -> 5541.57 | I50: =H50/$H$101 -> 0.011943987
A51: 9.2 | B51: 180214 | C51: Ponto de esgoto (Incluindo tubos, conexões, caixas e ralos | D51: Pt. | E51: 8 | F51: 560.9 | G51: =ROUND((1+$H$6)*F51,2) -> 686.93 | H51: =ROUND(E51*G51,2) -> 5495.44 | I51: =H51/$H$101 -> 0.011844561
A52: 9.3 | B52: 190609 | C52: Bacia sanitária caixa acoplada completa | D52: UN | E52: 2 | F52: 707.68 | G52: =ROUND((1+$H$6)*F52,2) -> 866.7 | H52: =ROUND(E52*G52,2) -> 1733.4 | I52: =H52/$H$101 -> 0.0037360724
A53: 9.4 | B53: 190375 | C53: Lavatório com coluna completo | D53: UN | E53: 2 | F53: 1047.42 | G53: =ROUND((1+$H$6)*F53,2) -> 1282.78 | H53: =ROUND(E53*G53,2) -> 2565.56 | I53: =H53/$H$101 -> 0.0055296631
A54: 9.5 | B54: 190218 | C54: Chuveiro em PVC | D54: UN | E54: 2 | F54: 74.21 | G54: =ROUND((1+$H$6)*F54,2) -> 90.88 | H54: =ROUND(E54*G54,2) -> 181.76 | I54: =H54/$H$101 -> 0.00039175523
A55: 9.6 | B55: 190797 | C55: Porta papel de PVC | D55: UN | E55: 2 | F55: 92.7 | G55: =ROUND((1+$H$6)*F55,2) -> 113.53 | H55: =ROUND(E55*G55,2) -> 227.06 | I55: =H55/$H$101 -> 0.00048939229
A56: 9.7 | B56: 190089 | C56: Cabide de louça | D56: UN | E56: 2 | F56: 114.19 | G56: =ROUND((1+$H$6)*F56,2) -> 139.85 | H56: =ROUND(E56*G56,2) -> 279.7 | I56: =H56/$H$101 -> 0.00060284958
A57: 9.8 | B57: COMP07 | C57: Saboneteira em PVC com cabo cromado | D57: UN | E57: 2 | F57: 26.36 | G57: =ROUND((1+$H$6)*F57,2) -> 32.28 | H57: =ROUND(E57*G57,2) -> 64.56 | I57: =H57/$H$101 -> 0.00013914898
A58: 9.9 | B58: 190238 | C58: Pia 01 cuba aço inóx 1,50m com torneira, sifão, válvula | D58: UN | E58: 1 | F58: 859.94 | G58: =ROUND((1+$H$6)*F58,2) -> 1053.17 | H58: =ROUND(E58*G58,2) -> 1053.17 | I58: =H58/$H$101 -> 0.0022699431
A59: 9.10 | B59: 190085 | C59: Tanque de louça com torneira, sifão e válvula | D59: UN | E59: 1 | F59: 1113.94 | G59: =ROUND((1+$H$6)*F59,2) -> 1364.24 | H59: =ROUND(E59*G59,2) -> 1364.24 | I59: =H59/$H$101 -> 0.0029404058
A60: 9.11 | B60: 180551 | C60: Fossa septica em concreto armado - cap= 30 pessoas | D60: UN | E60: 1 | F60: 6706.61 | G60: =ROUND((1+$H$6)*F60,2) -> 8213.59 | H60: =ROUND(E60*G60,2) -> 8213.59 | I60: =H60/$H$101 -> 0.017703108
A61: 9.12 | B61: 190084 | C61: Porta toalha em louça - tubular | D61: UN | E61: 2 | F61: 86.14 | G61: =ROUND((1+$H$6)*F61,2) -> 105.5 | H61: =ROUND(E61*G61,2) -> 211 | I61: =H61/$H$101 -> 0.00045477748
A62: 10 | C62: INSTALAÇÕES ELÉTRICAS | H62: =SUM(H63:H69) -> 15835.16 | I62: =SUM(I63:I69) -> 0.034130209
A63: 10.1 | B63: 170081 | C63: Ponto de luz / força (c/tubul., cx. e fiaçao) ate 200W | D63: pt. | E63: 32 | F63: 345 | G63: =ROUND((1+$H$6)*F63,2) -> 422.52 | H63: =ROUND(E63*G63,2) -> 13520.64 | I63: =H63/$H$101 -> 0.029141623
A64: 10.2 | B64: COMP08 | C64: Plafon com lâmpada de led 30W | D64: UN | E64: 11 | F64: 52.63 | G64: =ROUND((1+$H$6)*F64,2) -> 64.46 | H64: =ROUND(E64*G64,2) -> 709.06 | I64: =H64/$H$101 -> 0.0015282679
A65: 10.3 | B65: 170886 | C65: Centro de distribuição plástico de embutir p/ 10 disjuntores (s/ barramento) | D65: UN | E65: 1 | F65: 145.51 | G65: =ROUND((1+$H$6)*F65,2) -> 178.21 | H65: =ROUND(E65*G65,2) -> 178.21 | I65: =H65/$H$101 -> 0.00038410376
A66: 10.4 | B66: 170388 | C66: Disjuntor 3P - 10 a 50A (Padrão DIN) | D66: UN | E66: 1 | F66: 287.15 | G66: =ROUND((1+$H$6)*F66,2) -> 351.67 | H66: =ROUND(E66*G66,2) -> 351.67 | I66: =H66/$H$101 -> 0.00075796965
A67: 10.5 | B67: 170326 | C67: Disjuntor 1P - 6 a 32A (Padrão DIN) | D67: UN | E67: 11 | F67: 26.31 | G67: =ROUND((1+$H$6)*F67,2) -> 32.22 | H67: =ROUND(E67*G67,2) -> 354.42 | I67: =H67/$H$101 -> 0.00076389684
A68: 10.6 | B68: 170339 | C68: Tomada 2P+T, 10A (sem fiação) | D68: UN | E68: 13 | F68: 30.41 | G68: =ROUND((1+$H$6)*F68,2) -> 37.24 | H68: =ROUND(E68*G68,2) -> 484.12 | I68: =H68/$H$101 -> 0.0010434449
A69: 10.7 | B69: 170332 | C69: Interruptor 01 tecla simples (sem fiação) | D69: UN | E69: 8 | F69: 24.19 | G69: =ROUND((1+$H$6)*F69,2) -> 29.63 | H69: =ROUND(E69*G69,2) -> 237.04 | I69: =H69/$H$101 -> 0.00051090262
A70: 11 | C70: PINTURA | H70: =SUM(H71:H72) -> 19772.91 | I70: =SUM(I71:I72) -> 0.042617413
A71: 11.1 | B71: 150377 | C71: Esmalte s/ madeira c/ selador sem massa | D71: M2 | E71: 351.19 | F71: 36.19 | G71: =ROUND((1+$H$6)*F71,2) -> 44.32 | H71: =ROUND(E71*G71,2) -> 15564.74 | I71: =H71/$H$101 -> 0.033547361
A72: 11.2 | B72: 150207 | C72: Pintura das tellhas | D72: M3 | E72: 123.01 | F72: 27.93 | G72: =ROUND((1+$H$6)*F72,2) -> 34.21 | H72: =ROUND(E72*G72,2) -> 4208.17 | I72: =H72/$H$101 -> 0.0090700518
C73: PASSARELA DE ACESSO | H73: =SUM(H74,H84,H99) -> 254776.34
A74: 12 | C74: CASA DE FORÇA | H74: =SUM(H75:H83) -> 8615.83 | I74: =SUM(I75:I83) -> 0.018570073
A75: 12.1 | B75: 060351 | C75: Painel em tabuas macheadas - 1 face | D75: M2 | E75: 23.32 | F75: 135.14 | G75: =ROUND((1+$H$6)*F75,2) -> 165.51 | H75: =ROUND(E75*G75,2) -> 3859.69 | I75: =H75/$H$101 -> 0.0083189577
A76: 12.2 | B76: COMP01 | C76: Pilar/Esteio para fundação em madeira acapú, angelim vermelho, massaranduba ou similar 4" x 4' x 4m | D76: UN | E76: 2 | F76: 238.09 | G76: =ROUND((1+$H$6)*F76,2) -> 291.59 | H76: =ROUND(E76*G76,2) -> 583.18 | I76: =H76/$H$101 -> 0.0012569532
A77: 12.3 | B77: COMP09 | C77: Tábua macheada 6 1/2"x3/4" em madeira sucupira, cupiúba ou similar | D77: M2 | E77: 6 | F77: 169.95 | G77: =ROUND((1+$H$6)*F77,2) -> 208.14 | H77: =ROUND(E77*G77,2) -> 1248.84 | I77: =H77/$H$101 -> 0.0026916792
A78: 12.4 | B78: 070054 | C78: Estrutura em madeira para chapa fibrocimento/ telha asfáltica - pc serrada | D78: M2 | E78: 10.64 | F78: 85.05 | G78: =ROUND((1+$H$6)*F78,2) -> 104.16 | H78: =ROUND(E78*G78,2) -> 1108.26 | I78: =H78/$H$101 -> 0.002388681
A79: 12.5 | B79: 071498 | C79: Cobertura telha fibrocimento e = 4mm | D79: M2 | E79: 10.64 | F79: 46.4 | G79: =ROUND((1+$H$6)*F79,2) -> 56.83 | H79: =ROUND(E79*G79,2) -> 604.67 | I79: =H79/$H$101 -> 0.0013032716
A80: 12.6 | B80: 070827 | C80: Lambrequim em madeira de lei | D80: M | E80: 13.2 | F80: 37.65 | G80: =ROUND((1+$H$6)*F80,2) -> 46.11 | H80: =ROUND(E80*G80,2) -> 608.65 | I80: =H80/$H$101 -> 0.0013118498
A81: 12.7 | B81: 070059 | C81: Cumeeira plana fibrotex e = 4mm | D81: M | E81: 3.8 | F81: 24.83 | G81: =ROUND((1+$H$6)*F81,2) -> 30.41 | H81: =ROUND(E81*G81,2) -> 115.56 | I81: =H81/$H$101 -> 0.00024907149
A82: 12.8 | B82: 170081 | C82: Ponto de luz com rede (Tub. Caixa e fiação) | D82: pt | E82: 1 | F82: 345 | G82: =ROUND((1+$H$6)*F82,2) -> 422.52 | H82: =ROUND(E82*G82,2) -> 422.52 | I82: =H82/$H$101 -> 0.00091067573
A83: 12.9 | B83: COMP08 | C83: Plafon com lâmpada de led 30W | D83: UN | E83: 1 | F83: 52.63 | G83: =ROUND((1+$H$6)*F83,2) -> 64.46 | H83: =ROUND(E83*G83,2) -> 64.46 | I83: =H83/$H$101 -> 0.00013893344
A84: 13 | C84: PASSARELA DE ACESSO | H84: =SUM(H85:H98) -> 242797.55 | I84: =SUM(I85:I98) -> 0.52331212
A85: 13.1 | B85: COMP10 | C85: Passarela para desembarque | D85: M | E85: 50 | F85: 757.53 | G85: =ROUND((1+$H$6)*F85,2) -> 927.75 | H85: =ROUND(E85*G85,2) -> 46387.5 | I85: =H85/$H$101 -> 0.099980996
A86: 13.2 | B86: 250585 | C86: Guarda-corpo em mad. lei acabamento em esmalte h=1,0m | D86: M2 | E86: 104 | F86: 239.1 | G86: =ROUND((1+$H$6)*F86,2) -> 292.83 | H86: =ROUND(E86*G86,2) -> 30454.32 | I86: =H86/$H$101 -> 0.06563952
A87: 13.3 | B87: 241470 | C87: Guarda-corpo em tubo de aço galvanizado 1 1/2" | D87: M2 | E87: 144 | F87: 432.47 | G87: =ROUND((1+$H$6)*F87,2) -> 529.65 | H87: =ROUND(E87*G87,2) -> 76269.6 | I87: =H87/$H$101 -> 0.16438719
A88: 13.4 | B88: 050260 | C88: Concreto com seixo fck = 18 MPA (Incluindo lançamento e adensamento) | D88: M3 | E88: 9.48 | F88: 944.83 | G88: =ROUND((1+$H$6)*F88,2) -> 1157.13 | H88: =ROUND(E88*G88,2) -> 10969.59 | I88: =H88/$H$101 -> 0.023643234
A89: 13.5 | B89: COMP11 | C89: Tela soldada malha pop Q196 10cm x 10cm 5mm | D89: UN | E89: 12 | F89: 487.02 | G89: =ROUND((1+$H$6)*F89,2) -> 596.45 | H89: =ROUND(E89*G89,2) -> 7157.4 | I89: =H89/$H$101 -> 0.015426656
A90: 13.6 | B90: D00255 | C90: Tela de arame galvanizado fio 12 # 2" | D90: M2 | E90: 51.48 | F90: 44.5 | G90: =ROUND((1+$H$6)*F90,2) -> 54.5 | H90: =ROUND(E90*G90,2) -> 2805.66 | I90: =H90/$H$101 -> 0.006047161
A91: 13.7 | B91: 070053 | C91: Estrutura em madeira para chapa fibrocimento/ telha asfáltica - pc aparelhada | D91: M2 | E91: 208.56 | F91: 87.22 | G91: =ROUND((1+$H$6)*F91,2) -> 106.82 | H91: =ROUND(E91*G91,2) -> 22278.38 | I91: =H91/$H$101 -> 0.048017561
A92: 13.8 | B92: 071498 | C92: Cobertura telha fibrocimento e = 4mm | D92: M2 | E92: 208.56 | F92: 46.4 | G92: =ROUND((1+$H$6)*F92,2) -> 56.83 | H92: =ROUND(E92*G92,2) -> 11852.46 | I92: =H92/$H$101 -> 0.025546123
A93: 13.9 | B93: 070827 | C93: Lambrequim em madeira de lei | D93: M | E93: 115.6 | F93: 37.65 | G93: =ROUND((1+$H$6)*F93,2) -> 46.11 | H93: =ROUND(E93*G93,2) -> 5330.32 | I93: =H93/$H$101 -> 0.011488671
A94: 13.10 | B94: 070059 | C94: Cumeeira fibrocimento 4mm | D94: M | E94: 62 | F94: 24.83 | G94: =ROUND((1+$H$6)*F94,2) -> 30.41 | H94: =ROUND(E94*G94,2) -> 1885.42 | I94: =H94/$H$101 -> 0.0040637277
A95: 13.11 | B95: 150491 | C95: Pintura esmalte de tela galvanizada+guarda-corpo metálico | D95: M2 | E95: 246.96 | F95: 59.18 | G95: =ROUND((1+$H$6)*F95,2) -> 72.48 | H95: =ROUND(E95*G95,2) -> 17899.66 | I95: =H95/$H$101 -> 0.038579916
A96: 13.12 | B96: 170081 | C96: Ponto de luz com rede (Tub. Caixa e fiação) | D96: pt. | E96: 18 | F96: 345 | G96: =ROUND((1+$H$6)*F96,2) -> 422.52 | H96: =ROUND(E96*G96,2) -> 7605.36 | I96: =H96/$H$101 -> 0.016392163
A97: 13.13 | B97: COMP08 | C97: Plafon com lâmpada de led 30W | D97: UN | E97: 18 | F97: 52.63 | G97: =ROUND((1+$H$6)*F97,2) -> 64.46 | H97: =ROUND(E97*G97,2) -> 1160.28 | I97: =H97/$H$101 -> 0.0025008019
A98: 13.14 | B98: 070277 | C98: Calha em chapa galvanizada | D98: M | E98: 6 | F98: 100.92 | G98: =ROUND((1+$H$6)*F98,2) -> 123.6 | H98: =ROUND(E98*G98,2) -> 741.6 | I98: =H98/$H$101 -> 0.0015984027
A99: 14 | C99: LIMPEZA E ENTREGA DA OBRA | H99: =SUM(H100:H100) -> 3362.96 | I99: =SUM(I100:I100) -> 0.007248334
A100: 14.1 | B100: 270220 | C100: Limpeza geral e entrega da obra | D100: M2 | E100: 255.35 | F100: 10.75 | G100: =ROUND((1+$H$6)*F100,2) -> 13.17 | H100: =ROUND(E100*G100,2) -> 3362.96 | I100: =H100/$H$101 -> 0.007248334
A101: TOTAL: | H101: =SUM(H12,H73) -> 463963.17 | I101: =SUM(I13,I18,I21,I24,I28,I34,I39,I42,I49,I62,I70,I74,I84,I99) -> 1
A102: Total da planilha R$ 463.963,17 (Quatrocentos e sessenta e três mil, novecentos e sessenta e três reais e dezessete centavos)
A103: Valores unitários obtidos com base na PLANILHA PADRÃO - Março 2026 da SECRETARIA DE ESTADO DE OBRAS PÚBLICAS - SEOP - SEM DESONERAÇÃO

Sheet M.CÁLCULO
A3: PREFEITURA MUNICIPAL DE BREVES
A4: SECRETARIA MUNICIPAL DE EDUCAÇÃO - SEMED
A5: OBJETO: CONSTRUÇÃO DE ALOJAMENTO DOS PROFESSORES E PASSARELA DE ACESSO PARA EMBARQUE E DESEMBARQUE DE ALUNOS DA ESCOLA TALISMÃ
A6: LOCAL: RIO CONTRA MARÉ - DISTRITO CURUMU - ZONA RURAL BREVES- PA
A7: REF. DE PREÇOS: SEOP - Março de 2026 - SEM DESONERAÇÃO
A9: BDI = 22,47%
A10: MARÇO/2026
A12: MEMORIAL DE CÁLCULO
A13: ITEM | B13: CÓDIGO | C13: DISCRIMINAÇÃO | D13: UNID. | E13: QUANT. | F13: MEMORIA
C15: ALOJAMENTO DOS PROFESSORES
A16: 1 | C16: SERVIÇOS PRELIMINARES
A17: 1.1 | B17: 010008 | C17: Limpeza do terreno | D17: M2 | E17: 200 | F17: (20,00m x 10,00m)
A18: 1.2 | B18: 011340 | C18: Placa da obra em lona | D18: M2 | E18: 6 | F18: (3,00m x 2,00m)
A19: 1.3 | B19: 010009 | C19: Locação da obra à trena | D19: M2 | E19: 255.35 | F19: (12,20m x 7,98m) + (5,00m x 4,00m)+46,00m x 3,00m
A20: 1.4 | B20: 010006 | C20: Andaime de madeira | D20: M2 | E20: 30 | F20: (2,00m x 5,00m) + (2,00m x 5,00m x 2)
A21: 2 | C21: FUNDAÇÕES
A22: 2.1 | B22: COMP01 | C22: Pilar/Esteio para fundação em madeira de lei 4" x 4' x 4m | D22: UN | E22: 44 | F22: (11x8x2,00m)/4m
A23: 2.2 | B23: COMP02 | C23: Bloco de fundação em Madeira de Lei 30x30x60cm (Pç 6M) | D23: UN | E23: 5 | F23: (45,00 x 0,60)/6
A24: 3 | C24: ESTRUTURA
A25: 3.1 | B25: COMP03 | C25: Pilar em madeira de lei 4" x 4' x 4m | D25: UN | E25: 18 | F25: (24,00 x 3,00)/4
A26: 3.2 | B26: COMP04 | C26: Peça em madeira de lei 5" x 2" 4m para atracação e travamento (Incluindo parafusos) | D26: UN | E26: 31 | F26: (12,00 x 3,50)/4 + (12,00 x 3,50)/4 + (10,00 x 4,00)/4
A27: 4 | C27: PISO
A28: 4.1 | B28: COMP05 | C28: Assoalho em madeira de lei | D28: M2 | E28: 95.82 | F28: (12,16m x 7,88m)
A29: 4.2 | B29: 050681 | C29: Concreto armado Fck = 15 MPA com forma madeira branca (Incluindo lançamento e adensamento) | D29: M3 | E29: 0.76 | F29: [(2,9mx3m)+(1,3mx2,5m)x2]x0,05m
A30: 4.3 | B30: 130119 | C30: Lajota cerâmica - Incluindo rejuntamento (Padrão Médio) | D30: M2 | E30: 15.2 | F30: (2,90mx3,00m)+2x(1,30mx2,50m)
A31: 5 | C31: PAREDES E REVESTIMENTOS
A32: 5.1 | B32: COMP06 | C32: Parede em madeira de lei | D32: M2 | E32: 136.96 | F32: (7,56 x 2,80) + (4,68 x 2,80) + (3,20 x 2,80) + (3,20 x 2,80) + (3,20 x 2,80) + (6,10 x 2,80) + (3,20 x 2,80) + (3,20 x 2,80) + (3,20 x 2,80) + (4,70 x 2,80) + (3,20 x 2,80) + (3,20 x 2,80) + (3,20 x 2,80) + (3,00 x 0,90) + (4,68 x 0,90) + (4,68 x 0,90) - ((0,80 x 2,10) x 6) + ((1,20 x 1,10) x 7)
A33: 5.2 | B33: 060046 | C33: Alvenaria tijolo de barro cutelo | D33: M2 | E33: 48.01 | F33: [(2,00m + 3,24m + 8,22m + 5,20m)x 2,80m] - [(0,6m x 2,10m)x 2 + (0,8 x 0,4)x2+(1,20mx0,90m)]
A34: 5.3 | B34: 110143 | C34: Chapisco de cimento e areia no traço 1:3 | D34: M2 | E34: 96.02 | F34: 2x {[(2,00m + 3,24m + 8,22m + 5,20m)x 2,80m] - [(0,6m x 2,10m)x 2 + (0,8m x 0,4m)x 2+(1,20mx0,90m)]}
A35: 5.4 | B35: 110763 | C35: Reboco no traço 1:6 com aditivo | D35: M2 | E35: 96.02 | F35: 2x {[(2,00m + 3,24m + 8,22m + 5,20m)x 2,80m] - [(0,6m x 2,10m)x 2 + (0,8m x 0,4m)x 2+(1,20mx0,90m)]}
A36: 5.5 | B36: 110644 | C36: Revestimento cerâmico | D36: M2 | E36: 48.01 | F36: [(2,00m + 3,24m + 8,22m + 5,20m)x 2,80m] - [(0,6m x 2,10m)x 2 + (0,8 x 0,4)x2+(1,20mx0,90m)]
A37: 6 | C37: COBERTURA
A38: 6.1 | B38: 070054 | C38: Estrutura em madeira para chapa fibrocimento/ telha asfáltica - pç serrada | D38: M2 | E38: 123.01 | F38: (13,40m x 9,18m)
A39: 6.2 | B39: 071498 | C39: Cobertura telha fibrocimento e = 4mm | D39: M2 | E39: 123.01 | F39: (13,40m x 9,18m)
A40: 6.3 | B40: 070059 | C40: Cumeeira plana fibrotex e = 4mm | D40: M | E40: 9.18 | F40: (7,98m + 0,60m + 0,60m)
A41: 6.4 | B41: 070827 | C41: Lambrequim em madeira de lei aparelhada | D41: M | E41: 45.16 | F41: (13,40m + 13,40m + 9,18m + 9,18m)
A42: 7 | C42: FORRO
A43: 7.1 | B43: 140348 | C43: Barroteamento em madeira de lei para forro PVC | D43: m² | E43: 95.82 | F43: (12,16m x 7,88m)
A44: 7.2 | B44: 141336 | C44: Forro em lambril de PVC | D44: m² | E44: 95.82 | F44: (12,16m x 7,88m)
A45: 8 | C45: ESQUADRIAS/ FERRAGENS
A46: 8.1 | B46: 090641 | C46: Portas em madeira lambrizada com caixilho/ alizar | D46: M2 | E46: 12.6 | F46: (0,8m x 2,10m) x 6 + (0,6m x 2,10m) x 2
A47: 8.2 | B47: 090642 | C47: Janelas em madeira lambrizada com caixilho/ alizar | D47: M2 | E47: 9.24 | F47: (1,20m x 1,10m) x 7
A48: 8.3 | B48: 091375 | C48: Esquadria de alumínio basculante c/vidro e ferragens | D48: M2 | E48: 0.96 | F48: (0,80m x 0,60m) x 2
A49: 8.4 | B49: 100226 | C49: Ferragens para porta externa | D49: Cj. | E49: 6 | F49: (6 unid.)
A50: 8.5 | B50: 100228 | C50: Ferragens p/ porta de banheiro | D50: Cj. | E50: 2 | F50: (2 unid.)
A51: 8.6 | B51: 100289 | C51: Ferragens p/ janela 2 fl. (c/ ferrolho) | D51: Cj. | E51: 7 | F51: (7 unid.)
A52: 9 | C52: INSTALAÇÕES HIDRÁULICAS
A53: 9.1 | B53: 180299 | C53: Ponto de água (Incluindo tubos e conexões) | D53: Pt. | E53: 9 | F53: (2 + 3 + 3 + 1)
A54: 9.2 | B54: 180214 | C54: Ponto de esgoto (Incluindo tubos, conexões, caixas e ralos | D54: Pt. | E54: 8 | F54: (1 + 1 + 3 + 3)
A55: 9.3 | B55: 190609 | C55: Bacia sanitária caixa acoplada completa | D55: unid. | E55: 2 | F55: (1,00 + 1,00)
A56: 9.4 | B56: 190375 | C56: Lavatório com coluna completo | D56: unid. | E56: 2 | F56: (1,00 + 1,00)
A57: 9.5 | B57: 190218 | C57: Chuveiro em PVC | D57: unid. | E57: 2 | F57: (1,00 + 1,00)
A58: 9.6 | B58: 190797 | C58: Porta papel de PVC | D58: unid. | E58: 2 | F58: (1,00 + 1,00)
A59: 9.7 | B59: 190089 | C59: Cabide de louça | D59: unid. | E59: 2 | F59: (1,00 + 1,00)
A60: 9.8 | B60: COMP07 | C60: Saboneteira em PVC com cabo cromado | D60: unid. | E60: 2 | F60: (1,00 + 1,00)
A61: 9.9 | B61: 190238 | C61: Pia 01 cuba aço inóx 1,50m com torneira, sifão, válvula | D61: unid. | E61: 1 | F61: (1 unid.)
A62: 9.10 | B62: 190085 | C62: Tanque de louça com torneira, sifão e válvula | D62: unid. | E62: 1 | F62: (1 unid.)
A63: 9.11 | B63: 180551 | C63: Fossa séptica em concreto armado cap = 30 pessoas | D63: unid. | E63: 1 | F63: (1 unid.)
A64: 9.12 | B64: 190084 | C64: Porta toalha em louça - tubular | D64: unid. | E64: 2 | F64: (2 unid.)
A65: 10 | C65: INSTALAÇÕES ELÉTRICAS
A66: 10.1 | B66: 170081 | C66: Ponto de luz / força (c/tubul., cx. e fiaçao) ate 200W | D66: pt. | E66: 32 | F66: (13T + 8 Int.) + (3 + 2 + 3 + 1 + 1 + 1)
A67: 10.2 | B67: COMP08 | C67: Plafon com lâmpada de led 30W | D67: unid. | E67: 11 | F67: (3 + 2 + 3 + 1 + 1 + 1)
A68: 10.3 | B68: 170886 | C68: Centro de distribuição plástico de embutir p/ 10 disjuntores (s/ barramento) | D68: unid. | E68: 1 | F68: (1 unid.)
A69: 10.4 | B69: 170388 | C69: Disjuntor 3P - 50A (Padrão DIN) | D69: unid. | E69: 1 | F69: (1 unid.)
A70: 10.5 | B70: 170326 | C70: Disjuntor 1P - 10 a 30A (Padrão DIN) | D70: unid. | E70: 11 | F70: (11 unid.)
A71: 10.6 | B71: 170339 | C71: Tomada 2P+T, 10A (sem fiação) | D71: unid. | E71: 13 | F71: (13 unid.)
A72: 10.7 | B72: 170332 | C72: Interruptor 01 tecla simples (sem fiação) | D72: unid. | E72: 8 | F72: (8 unid.)
A73: 11 | C73: PINTURA
A74: 11.1 | B74: 150134 | C74: Esmalte sobre madeira c/ massa e selador | D74: m² | E74: 351.19 | F74: [(7,56 x 2,80) + (4,68 x 2,80) + (3,20 x 2,80) + (3,20 x 2,80) + (3,20 x 2,80) + (6,10 x 2,80) + (3,20 x 2,80) + (3,20 x 2,80) + (3,20 x 2,80) + (4,70 x 2,80) + (3,20 x 2,80) + (3,20 x 2,80) + (3,20 x 2,80) + (3,00 x 0,90) + (4,68 x 0,90) + (4,68 x 0,90) - ((0,80 x 2,10) x 6) + ((1,20 x 1,10) x 7)] x 2
A75: 11.2 | B75: 150207 | C75: Pintura das telhas | D75: m² | E75: 123.01 | F75: (13,40m x 9,18m)
C76: PASSARELA DE ACESSO
A77: 12 | C77: CASA DE FORÇA
A78: 12.1 | B78: 060351 | C78: Painel em tabuas macheadas - 1 face | D78: M2 | E78: 23.32 | F78: ((3,00 + 2,00 + 3,00 + 2,00) x 2,50) - (0,80 x 2,10)
A79: 12.2 | B79: COMP01 | C79: Pilar/Esteio para fundação em madeira de lei 4" x 4' x 4m | D79: UN | E79: 2 | F79: (4,00 x 2,00)/4
A80: 12.3 | B80: COMP09 | C80: Tábua macheada 6 1/2"x7/8" cumaru ou similar | D80: M2 | E80: 6 | F80: (3,00 x 2,00)
A81: 12.4 | B81: 070054 | C81: Estrutura em madeira para chapa fibrocimento/ telha astáltica - pc serrada | D81: M2 | E81: 10.64 | F81: (3,80 x 2,80)
A82: 12.5 | B82: 071498 | C82: Cobertura telha fibrocimento e = 4mm | D82: M2 | E82: 10.64 | F82: (3,80 x 2,80)
A83: 12.6 | B83: 070827 | C83: Lambrequim em madeira de lei | D83: M | E83: 13.2 | F83: (3,80 + 2,80 + 3,80 + 2,80)
A84: 12.7 | B84: 070059 | C84: Cumeeira plana fibrotex e = 4mm | D84: M | E84: 3.8 | F84: (3,80 x 1,00)
A85: 12.8 | B85: 170081 | C85: Ponto de luz com rede (Tub. Caixa e fiação) | D85: pt. | E85: 1 | F85: 1pt
A86: 12.9 | B86: COMP08 | C86: Plafon com lâmpada de led 30W - 127V | D86: unid. | E86: 1 | F86: 1 uni
A87: 13 | C87: PASSARELA DE ACESSO LARGURA 3,00M
A88: 13.1 | B88: COMP10 | C88: Passarela para desembarque | D88: M | E88: 50 | F88: 46,00m + 4,00m
A89: 13.2 | B89: 250585 | C89: Guarda-corpo em mad. lei acabamento em esmalte h=1,0m | D89: M2 | E89: 104 | F89: (46m+46m+2m+4m+2m+4m)x1,00m
A90: 13.3 | B90: 241470 | C90: Guarda-corpo em tudo de aço galvanizado 1 1/2" | D90: M2 | E90: 144 | F90: (1,35m + 2,55m + 2,55m + 1,00m + 3,85m + 3,00m + 3,00m + 3,30m) x 4 unid x 1,00m + (4,05m + 2,35m + 3,80m + 3,85m + 3,80m + 1,30m + 3,85m) x 2 unid x 1,00m +(3,90m + 3,90m + 3,90m + 3,090m)x1,00m
A91: 13.4 | B91: 050260 | C91: Concreto com seixo fck = 18 MPA (Incluindo lançamento e adensamento) | D91: M3 | E91: 9.48 | F91: (5,00mx4,00m)x0,06m+(46,00mx3,00m)x0,06
A92: 13.5 | B92: COMP11 | C92: Tela soldada malha pop Q196 10cm x 10cm 5mm | D92: unid. | E92: 12 | F92: 12 unids
A93: 13.6 | B93: D00255 | C93: Tela de arame galvanizado fio 12 # 2" | D93: M2 | E93: 51.48 | F93: (46unid+46unid+6unid+6unid)x0,90mx0,55m
A94: 13.7 | B94: 070053 | C94: Estrutura em madeira para chapa fibrocimento/ telha asfáltica - pc aparelhada | D94: M2 | E94: 208.56 | F94: 46,40mx3,80m+5,20mx6,20m
A95: 13.8 | B95: 071498 | C95: Cobertura telha fibrocimento e = 4mm | D95: M2 | E95: 208.56 | F95: 46,40mx3,80m+5,20mx6,20m
A96: 13.9 | B96: 070827 | C96: Lambrequim em madeira de lei | D96: M | E96: 115.6 | F96: 46,40m+46,40m+6,20m+6,20m+5,20m+5,20m
A97: 13.10 | B97: 070059 | C97: Cumeira plana fibrotex e = 4mm | D97: M | E97: 62 | F97: 46,40m+3,65m+3,65m+3,65m+3,65m+1,00m
A98: 13.11 | B98: 150377 | C98: Pintura esmalte de tela galvanizada+guarda-corpo metálico | D98: M2 | E98: 246.96 | F98: 2x51,48m² + 144,00m²
A99: 13.12 | B99: 170081 | C99: Ponto de luz com rede (Tub. Caixa e fiação) | D99: pt. | E99: 18 | F99: (2 pt +16 pt)
A100: 13.13 | B100: COMP08 | C100: Plafon com lâmpada de led 30W - 127V | D100: unid. | E100: 18 | F100: (2 unid+16 unid)
A101: 13.14 | B101: 070277 | C101: Calha em chapa galvanizada | D101: m | E101: 6 | F101: 2,00m+2,00m+2,00m
A102: 14 | C102: LIMPEZA E ENTREGA DA OBRA
A103: 14.1 | B103: 270220 | C103: Limpeza final e entrega da obra | D103: m² | E103: 255.35 | F103: (12,20m x 7,98m) + (5,00m x 4,00m)+(46,00mx3,00m)

Sheet CRON
A2: PREFEITURA MUNICIPAL DE BREVES
A4: OBJETO: CONSTRUÇÃO DE ALOJAMENTO DOS PROFESSORES E PASSARELA DE ACESSO PARA EMBARQUE E DESEMBARQUE DE ALUNOS DA ESCOLA TALISMÃ
A5: LOCAL: RIO CONTRA MARÉ - DISTRITO CURUMU - ZONA RURAL MUNICÍPIO DE BREVES - PA | L5: BDI = 22,47%
A6: REF. DE PREÇOS: SEOP - Março de 2026 - SEM DESONERAÇÃO | L6: MARÇO/2026
A7: CRONOGRAMA FÍSICO - FINANCEIRO
A8: ALOJAMENTO DOS PROFESSORES
A9: ITEM | B9: DESCRIÇÃO DOS SERVIÇOS | C9: PESO % | D9: VALOR DO SERVIÇO | E9: 1º MÊS | G9: 2º MÊS | I9: 3º MÊS | K9: 4º MÊS
E10: % MÊS | F10: R$ | G10: % MÊS | H10: R$ | I10: % MÊS | J10: R$ | K10: % MÊS | L10: R$
B11: ALOJAMENTO DOS PROFESSSORES | D11: =SUM(D12:D32) -> 209186.83
A12: 1 | B12: =PLAN!C13 -> SERVIÇOS PRELIMINARES | C12: =D12/D41 -> 0.014449315 | D12: =PLAN!H13 -> 6703.95 | E12: 1 | F12: =E12*$D12 -> 6703.95
A14: =A12+1 -> 2 | B14: =PLAN!C18 -> FUNDAÇÃO | C14: =D14/D41 -> 0.038871749 | D14: =PLAN!H18 -> 18035.06 | E14: 1 | F14: =E14*$D14 -> 18035.06
A16: 3 | B16: =PLAN!C21 -> ESTRUTURA | C16: =D16/D41 -> 0.027918574 | D16: =PLAN!H21 -> 12953.19 | E16: 1 | F16: =E16*$D16 -> 12953.19
A18: 4 | B18: =PLAN!C24 -> PISO | C18: =D18/D41 -> 0.029740011 | D18: =PLAN!H24 -> 13798.27 | G18: 0.5 | H18: =G18*$D18 -> 6899.135 | I18: 0.5 | J18: =I18*$D18 -> 6899.135
A20: 5 | B20: =PLAN!C28 -> PAREDE E REVESTIMENTOS | C20: =D20/D41 -> 0.074857515 | D20: =PLAN!H28 -> 34731.13 | G20: 0.7 | H20: =G20*$D20 -> 24311.791 | I20: 0.3 | J20: =I20*$D20 -> 10419.339
A22: 6 | B22: =PLAN!C34 -> COBERTURA | C22: =D22/D41 -> 0.047772908 | D22: =PLAN!H34 -> 22164.87 | G22: 1 | H22: =G22*$D22 -> 22164.87
A24: 7 | B24: =PLAN!C39 -> FORRO | C24: =D24/D41 -> 0.033793695 | D24: =PLAN!H39 -> 15679.03 | G24: 1 | H24: =G24*$D24 -> 15679.03
A26: 8 | B26: =PLAN!C42 -> ESQUADRIAS / FERRAGENS | C26: =D26/D41 -> 0.048672419 | D26: =PLAN!H42 -> 22582.21 | I26: 1 | J26: =I26*$D26 -> 22582.21
A28: 9 | B28: =PLAN!C49 -> INSTALAÇÕES HIDRÁULICAS | C28: =D28/D41 -> 0.058045663 | D28: =PLAN!H49 -> 26931.05 | E28: 0.3 | F28: =E28*$D28 -> 8079.315 | G28: 0.3 | H28: =G28*$D28 -> 8079.315 | I28: 0.4 | J28: =I28*$D28 -> 10772.42
A30: 10 | B30: =PLAN!C62 -> INSTALAÇÕES ELÉTRICAS | C30: =D30/D41 -> 0.034130209 | D30: =PLAN!H62 -> 15835.16 | G30: 0.5 | H30: =G30*$D30 -> 7917.58 | I30: 0.5 | J30: =I30*$D30 -> 7917.58
A32: 11 | B32: =PLAN!C70 -> PINTURA | C32: =D32/D41 -> 0.042617413 | D32: =PLAN!H70 -> 19772.91 | K32: 1 | L32: =K32*$D32 -> 19772.91
B34: PASSARELA DE ACESSO | D34: =SUM(D35:D39) -> 254776.34
A35: 12 | B35: =PLAN!C74 -> CASA DE FORÇA | C35: =D35/D41 -> 0.018570073 | D35: =PLAN!H74 -> 8615.83 | E35: 0.25 | F35: =E35*$D35 -> 2153.9575 | G35: 0.25 | H35: =G35*$D35 -> 2153.9575 | I35: 0.25 | J35: =I35*$D35 -> 2153.9575 | K35: 0.25 | L35: =K35*$D35 -> 2153.9575
A37: 13 | B37: =PLAN!C84 -> PASSARELA DE ACESSO | C37: =D37/D41 -> 0.52331212 | D37: =PLAN!H84 -> 242797.55 | E37: 0.25 | F37: =E37*$D37 -> 60699.388 | G37: 0.25 | H37: =G37*$D37 -> 60699.388 | I37: 0.25 | J37: =I37*$D37 -> 60699.388 | K37: 0.25 | L37: =K37*$D37 -> 60699.388
A39: 14 | B39: =PLAN!C99 -> LIMPEZA E ENTREGA DA OBRA | C39: =D39/D41 -> 0.007248334 | D39: =PLAN!H99 -> 3362.96 | K39: 1 | L39: =K39*$D39 -> 3362.96
A41: SOMA | C41: =SUM(C12:C40) -> 1 | D41: =SUM(D11,D34) -> 463963.17
B43: VALOR ACUMULADO | F43: =0.3*#REF! -> #REF!
A44: TOTAL GERAL SIMPLES | E44: =F44/D41 -> 0.23412389 | F44: =SUM(F12:F40) -> 108624.86 | G44: =H44/D41 -> 0.31878622 | H44: =SUM(H12:H40) -> 147905.07 | I44: =J44/D41 -> 0.2617536 | J44: =SUM(J12:J40) -> 121444.03 | K44: =L44/D41 -> 0.1853363 | L44: =SUM(L12:L40) -> 85989.215
A45: TOTAL GERAL ACUMULADO | E45: =E44 -> 0.23412389 | F45: =F44 -> 108624.86 | G45: =E45+G44 -> 0.55291011 | H45: =F45+H44 -> 256529.93 | I45: =G45+I44 -> 0.8146637 | J45: =H45+J44 -> 377973.96 | K45: =I45+K44 -> 1 | L45: =J45+L44 -> 463963.17

Sheet BDI
B1: PREFEITURA MUNICIPAL DE BREVES
B2: SECRETARIA MUNICIPAL DE EDUCAÇÃO - SEMED
B4: OBJETO: CONSTRUÇÃO DE ALOJAMENTO DOS PROFESSORES E PASSARELA DE ACESSO PARA EMBARQUE E DESEMBARQUE DE ALUNOS DA ESCOLA TALISMÃ
B5: LOCAL: RIO CONTRA MARÉ - DISTRITO CURUMU - ZONA RURAL BREVES PARÁ
B6: REF. DE PREÇOS: SEOP - Março de 2026 - SEM DESONERAÇÃO
B7: BDI = 22,47%
B8: MARÇO/2026
B10: COMPOSIÇÃO ANALÍTICA DA TAXA DE B.D.I.
B11: 1 - ADMINISTRAÇÃO CENTRAL
B12: ITEM | C12: DESCRIÇÃO | E12: TAXA (%)
B13: 1.1 | C13: MÃO DE OBRA | E13: 3.95
B14: 1.2 | C14: TRANSPORTES | E14: 1
B15: 1.3 | C15: MANUTENÇÃO E OPERAÇÃO DO ESCRITÓRIO CENTRAL | E15: 0.5
B16: 1.4 | C16: DESPESAS DIVERSAS | E16: 0.3
D17: TOTAL DA ADMINISTRAÇÃO CENTRAL | E17: 3
B18: 2 - DESPESAS FISCAIS
B19: ITEM | C19: DESCRIÇÃO | E19: TAXA (%)
B20: 2.1 | C20: ISS | E20: 5
B21: 2.2 | C21: CPRB | E21: 0
B22: 2.3 | C22: COFINS | E22: 3
B23: 2.4 | C23: PIS | E23: 0.65
D24: TOTAL DAS DESPESAS FISCAIS | E24: =SUM(E20:E23) -> 8.65
B25: 3 - DIVERSOS
B26: ITEM | C26: DESCRIÇÃO | E26: TAXA (%)
B27: 3.1 | C27: BONIFICAÇÃO DA EMPRESA (LUCRO) | E27: 6.16
B28: 3.2 | C28: DESPESAS FINANCEIRAS | E28: 0.59
B29: 3.3 | C29: SEGURO OBRIGATÓRIO | E29: 0.8
B30: 3.4 | C30: RISCOS E EVENTUAIS | E30: 0.97
D31: TOTAL DIVERSOS | E31: =SUM(E27:E30) -> 8.52
D32: BONIFICAÇÃO E DESPESAS INDIRETAS (B.D.I.) | E32: =ROUND(((1+E17/100+E29/100+E30/100)*(1+E28/100)*(1+(E27/100)))/(1-E24/100)-1,4) -> 0.2247
B34: FÓRMULA DO BDI (APROVADA PELO TCU)
B35: A fórmula para cálculo da taxa a ser acrescida aos custos diretos de um empreendimento, a título de Benefícios e Despesas Indiretas é:
B36: BDI = | C36: ( 1 + X ) x ( 1 + Y ) x ( 1 + Z ) | D36: - 1
C37: ( 1 - I )
B38: onde:
B39: X = Taxa da somatória das despesas indiretas, exceto tributos e despesas financeiras
B40: Y = Taxa representativa das despesas financeiras
B41: Z = Taxa representativa do lucro
B42: I = Taxa representativa da incidência de impostos

Sheet CPU
A5: PREFEITURA MUNICIPAL DE BREVES
A6: SECRETARIA MUNICIPAL DE EDUCAÇÃO - SEMED
A7: OBJETO: CONSTRUÇÃO DE ALOJAMENTO DOS PROFESSORES E PASSARELA DE ACESSO PARA EMBARQUE E DESEMBARQUE DE ALUNOS DA ESCOLA TALISMÃ
A8: LOCAL: RIO CONTRA MARÉ - DISTRITO CURUMU - ZONA RURAL BREVES-PA | I8: BDI: | J8: 0.2247
A9: REF. DE PREÇOS: SEOP - Março de 2026 - SEM DESONERAÇÃO | J9: Prazo de Execução: 120 dias
A11: Valores obtidos com base na PLANILHA PADRÃO - Março 2026 da SECRETARIA DE ESTADO DE OBRAS PÚBLICAS - SEDOP e Cotação local.
A13: COMPOSIÇÃO DE PREÇO UNITÁRIO
A14: Código | B14: Descrição dos Serviços | G14: Und | H14: Coeficiente | I14: Valor Unitário | J14: Valor Parcial
B15: ALOJAMENTO DOS PROFESSORES
A16: SERVIÇOS PRELIMINARES
A17: 010008 | B17: Limpeza do terreno | G17: M2 | H17: 1.14
A18: 280026 | B18: Servente com encargos complementares | G18: H | H18: 0.25 | I18: 26.88 | J18: =ROUND(H18*I18,2) -> 6.72
A19: Total Parcial (com lei sem BDI) | H19: =SUM(J18) -> 6.72
A20: B.D.I. 22,47% | H20: =H19*J8 -> 1.509984
A21: Total Geral | H21: =SUM(H19:H20) -> 8.229984
A22: 011340 | B22: Placa de obra em lona com plotagem de gráfica | G22: M2 | H22: 1.20
A23: 280013 | B23: Carpinteiro com encargos complementares | G23: H | H23: 0.4 | I23: 32.21 | J23: =ROUND(H23*I23,2) -> 12.88
A24: 280026 | B24: Servente com encargos complementares | G24: H | H24: 0.4 | I24: 26.88 | J24: =ROUND(H24*I24,2) -> 10.75
A25: D00281 | B25: Pernamanca 3" x 2" 4 m - madeira branca | G25: Dz | H25: 0.41 | I25: 225.02 | J25: =ROUND(H25*I25,2)-0.01 -> 92.25
A26: D00475 | B26: Lona com plotagem de gráfica | G26: M2 | H26: 1 | I26: 90 | J26: =ROUND(H26*I26,2) -> 90
A27: D00084 | B27: Prego 1 1/2"x13 | G27: KG | H27: 0.1 | I27: 20.53 | J27: =ROUND(H27*I27,2) -> 2.05
A28: Total Parcial (com lei sem BDI) | H28: =SUM(J23:J27) -> 207.93
A29: B.D.I. 22,47% | H29: =H28*J$8 -> 46.721871
A30: Total Geral | H30: =SUM(H28:H29) -> 254.65187
A31: 010009 | B31: Locação da obra a trena | G31: M2 | H31: 1.16
A32: 280013 | B32: Carpinteiro com encargos complementares | G32: H | H32: 0.07 | I32: 32.21 | J32: =ROUND(H32*I32,2) -> 2.25
A33: 280026 | B33: Servente com encargos complementares | G33: H | H33: 0.05 | I33: 26.88 | J33: =ROUND(H33*I33,2) -> 1.34
A34: D00281 | B34: Pernamanca 3" x 2" 4 m - madeira branca | G34: Dz | H34: 0.01 | I34: 225.02 | J34: =ROUND(H34*I34,2) -> 2.25
A35: D00238 | B35: Linha de nylon no. 80 | G35: Rl | H35: 0.01 | I35: 16.95 | J35: =ROUND(H35*I35,2)-0.01 -> 0.16
A36: D00016 | B36: Tábua de madeira branca 4m | G36: Dz | H36: 0.01 | I36: 150 | J36: =ROUND(H36*I36,2) -> 1.5
A37: D00043 | B37: Arame recozido No. 18 | G37: KG | H37: 0.002 | I37: 12.25 | J37: =ROUND(H37*I37,2) -> 0.02
A38: D00081 | B38: Prego 2 1/2"x10 | G38: KG | H38: 0.003 | I38: 20.6 | J38: =ROUND(H38*I38,2) -> 0.06
A39: Total Parcial (com lei sem BDI) | H39: =SUM(J32:J38) -> 7.58
A40: B.D.I. 22,47% | H40: =H39*J$8 -> 1.703226
A41: Total Geral | H41: =SUM(H39:H40) -> 9.283226
A42: 010006 | B42: Andaime de madeira | G42: M2 | H42: 1.3
A43: 280013 | B43: Carpinteiro com encargos complementares | G43: H | H43: 0.15 | I43: 32.21 | J43: =ROUND(H43*I43,2) -> 4.83
A44: 280026 | B44: Servente com encargos complementares | G44: H | H44: 0.15 | I44: 26.88 | J44: =ROUND(H44*I44,2) -> 4.03
A45: D00281 | B45: Pernamanca 3" x 2" 4 m - madeira branca | G45: Dz | H45: 0.048 | I45: 225.02 | J45: =ROUND(H45*I45,2) -> 10.8
A46: D00015 | B46: Tábua de madeira forte 4m | G46: Dz | H46: 0.028 | I46: 270.02 | J46: =ROUND(H46*I46,2) -> 7.56
A47: D00016 | B47: Tábua de madeira branca 4m | G47: Dz | H47: 0.025 | I47: 150 | J47: =ROUND(H47*I47,2) -> 3.75
A48: D00081 | B48: Prego 2 1/2"x10 | G48: KG | H48: 0.03 | I48: 20.6 | J48: =ROUND(H48*I48,2)-0.01 -> 0.61
A49: Total Parcial (com lei sem BDI) | H49: =SUM(J43:J48) -> 31.58
A50: B.D.I. 22,47% | H50: =H49*J8 -> 7.096026
A51: Total Geral | H51: =SUM(H49:H50) -> 38.676026
A52: FUNDAÇÃO
A53: COMP01 | B53: Pilar/Esteio para fundação em madeira acapú, angelim vermelho, massaranduba ou similar 4" x 4' x 4m | G53: UN
A54: D00129-SEOP | B54: Peça em madeira acapú, angelim vermelho, massaranduba ou similar 4" x 4' x 4m | G54: UN | H54: 1 | I54: 214.87 | J54: =ROUND(H54*I54,2) -> 214.87
A55: 30010-SEOP | B55: Escavação manual ate 1.50m de profundidade | G55: M3 | H55: 0.216 | I55: 107.52 | J55: =ROUND(H55*I55,2) -> 23.22
A56: Total Parcial (com lei sem BDI) | H56: =SUM(J54:J55) -> 238.09
A57: B.D.I. 22,47% | H57: =H56*J$8 -> 53.498823
A58: Total Geral | H58: =SUM(H56:H57) -> 291.58882
A59: COMP02 | B59: Viga de fundação acapú, angelim vermelho, massaranduba ou similar 30x30x60cm (Pç 6M) c/ escavação | G59: UN
A60: SEOP - 280013 | B60: Carpinteiro com encargos complementares | G60: H | H60: 0.216 | I60: 32.21 | J60: =ROUND(H60*I60,2) -> 6.96
A61: SEOP -280002 | B61: Ajudante de carpinteiro com encargos complementares | G61: H | H61: 0.116 | I61: 26.37 | J61: =ROUND(H61*I61,2) -> 3.06
A62: COTAÇÃO | B62: Peça em madeira acapú, angelim vermelho, massaranduba ou similar 30x30x60cm (Pç 6M) | G62: UN | H62: 1.05 | I62: 800 | J62: =ROUND(H62*I62,2) -> 840
A63: Total Parcial (com lei sem BDI) | H63: =SUM(J60:J62) -> 850.02
A64: B.D.I. 22,47% | H64: =H63*J$8 -> 190.99949
A65: Total Geral | H65: =SUM(H63:H64) -> 1041.0195
A66: ESTRUTURA
A67: COMP03 | B67: Pilar em madeira acapú, angelim vermelho, massaranduba ou similar 4" x 4' x 4m | G67: UN
A68: SEDOP -O00005 | B68: Carpinteiro com encargos complementares | G68: H | H68: 0.125 | I68: 32.21 | J68: =ROUND(H68*I68,2) -> 4.03
A69: SEDOP -280002 | B69: Ajudante de carpinteiro com encargos complementares | G69: H | H69: 0.075 | I69: 26.37 | J69: =ROUND(H69*I69,2) -> 1.98
A70: D00129-SEDOP | B70: Peça em madeira capú, angelim vermelho, massaranduba ou similar 4" x 4' x 4m | G70: UN | H70: 1 | I70: 214.87 | J70: =ROUND(H70*I70,2) -> 214.87
A71: SEDOP -D00068 | B71: Parafuso de 1/2"x8" | G71: UN | H71: 2 | I71: 7.54 | J71: =ROUND(H71*I71,2) -> 15.08
A72: Total Parcial (com lei sem BDI) | H72: =SUM(J68:J71) -> 235.96
A73: B.D.I. 22,47% | H73: =H72*J$8 -> 53.020212
A74: Total Geral | H74: =SUM(H72:H73) -> 288.98021
A75: COMP04 | B75: Peça em madeira acapú, angelim vermelho, massaranduba ou similar 5" x 2" para atracação e travamento (Incluindo parafusos) | G75: UN
A76: SEDOP -280013 | B76: Carpinteiro com encargos complementares | G76: H | H76: 0.125 | I76: 32.21 | J76: =ROUND(H76*I76,2) -> 4.03
A77: SEDOP -280002 | B77: Ajudante de carpinteiro com encargos complementares | G77: H | H77: 0.075 | I77: 26.37 | J77: =ROUND(H77*I77,2) -> 1.98
A78: SEDOP -D00306 | B78: Peça em madeira acapú, angelim vermelho, massaranduba ou similar 5" x 2" para atracação e travamento (Incluindo parafusos) | G78: UN | H78: 1.1 | I78: 166.44 | J78: =ROUND(H78*I78,2) -> 183.08
A79: SEDOP -D00068 | B79: Parafuso de 1/2"x8" | G79: UN | H79: 2 | I79: 7.54 | J79: =ROUND(H79*I79,2) -> 15.08
A80: Total Parcial (com lei sem BDI) | H80: =SUM(J76:J79) -> 204.17
A81: B.D.I. 22,47% | H81: =H80*J$8 -> 45.876999
A82: Total Geral | H82: =SUM(H80:H81) -> 250.047
A83: PISO
A84: COMP05 | B84: Tábua macheada em madeira sucupira, cupiúba ou similar 3/4"x 4m | G84: M2
A85: SEDOP -280013 | B85: Carpinteiro com encargos complementares | G85: H | H85: 0.9 | I85: 32.21 | J85: =ROUND(H85*I85,2) -> 28.99
A86: SEDOP -280002 | B86: Ajudante de carpinteiro com encargos complementares | G86: H | H86: 0.9 | I86: 26.37 | J86: =ROUND(H86*I86,2) -> 23.73
A87: SEDOP -D00082 | B87: Prego 2x11" | G87: KG | H87: 0.26 | I87: 22.45 | J87: =ROUND(H87*I87,2) -> 5.84
A88: COTAÇÃO | B88: Tábua macheada 3/4" x 4m - sucupira, cupiuba ou similar | G88: Dz | H88: 0.11 | I88: 150 | J88: =ROUND(H88*I88,2) -> 16.5
A89: Total Parcial (com lei sem BDI) | H89: =SUM(J85:J88) -> 75.06
A90: B.D.I. 22,47% | H90: =H89*J$8 -> 16.865982
A91: Total Geral | H91: =SUM(H89:H90) -> 91.925982
A92: 050681 | B92: Concreto armado Fck = 15 MPA com forma madeira branca (Incluindo lançamento e adensamento) | G92: M3 | H92: 7.1.2
A93: 050258 | B93: Concreto com seixo Fck = 15 MPA (Incluindo lançamento e adensamento) | G93: M3 | H93: 1 | I93: 931.05 | J93: =ROUND(H93*I93,2) -> 931.05
A94: 050036 | B94: Forma com madeira branca (Incluihdo desforma) | G94: M2 | H94: 9 | I94: 190.84 | J94: =ROUND(H94*I94,2) -> 1717.56
A95: 050038 | B95: Armação para concreto | G95: KG | H95: 80 | I95: 14.11 | J95: =ROUND(H95*I95,2) -> 1128.8
A96: Total Parcial (com lei sem BDI) | H96: =SUM(J93:J95) -> 3777.41
A97: B.D.I. 22,47% | H97: =H96*J$8 -> 848.78403
A98: Total Geral | H98: =SUM(H96:H97) -> 4626.194
A99: 130119 | B99: Lajota cerâmica - Incluindo rejuntamento (Padrão Médio) | G99: M2 | H99: 16.18
A100: D00080 | B100: Argamassa AC-lI | G100: KG | H100: 5 | I100: 1.37 | J100: =ROUND(H100*I100,2) -> 6.85
A101: A00055 | B101: Lajota cerâmica - (Padrão Médio) | G101: M2 | H101: 1.05 | I101: 40.4 | J101: =ROUND(H101*I101,2) -> 42.42
A102: D00079 | B102: Rejunte cimentício colorido para porcelanato e cerâmica | G102: KG | H102: 0.34 | I102: 5.66 | J102: =ROUND(H102*I102,2) -> 1.92
A103: 280023 | B103: Pedreiro com encargos complementares | G103: H | H103: 0.65 | I103: 32.75 | J103: =ROUND(H103*I103,2)-0.01 -> 21.28
A104: 280026 | B104: Ajudante de pedreiro com encargos complementares | G104: H | H104: 0.25 | I104: 26.77 | J104: =ROUND(H104*I104,2) -> 6.69
A105: Total Parcial (com lei sem BDI) | H105: =SUM(J100:J104) -> 79.16
A106: B.D.I. 22,47% | H106: =H105*J$8 -> 17.787252
...
